[Event "Titled Tuesday Blitz July 4 Late 2023"]
[White "Abduzhaparov"]
[Black "Ambartsumova, Karina"]
[BlackFideId "4166299"]
[WhiteElo "2359"]
[BlackElo "2540"]
[Result "0-1"]
[Round "4"]
[TimeControl "180+2"]
[Date "2023.07.04"]
[WhiteClock "0:00:05"]
[BlackClock "0:00:13"]
[Board "115"]

1. Nf3 Nf6 2. c4 e6 3. g3 d5 4. Bg2 dxc4 5. Qa4+ c6 6. Qxc4 b5 7. Qb3 Bb7 8. a4 a6 9. O-O Nbd7 10. d4 Be7 11. Bf4 O-O 12. Rc1 c5 13. axb5 Bd5 14. Qd1 axb5 15. Rxa8 Qxa8 16. Nc3 Bc6 17. dxc5 Bxc5 18. Qb3 b4 19. Nd1 Bd5 20. Qd3 Rc8 21. Ne1 Bxg2 22. Nxg2 Nd5 23. e4 Nxf4 24. Nxf4 Ne5 25. Qb1 Bd4 26. Rxc8+ Qxc8 27. Nd3 Nf3+ 28. Kg2 Nd2 29. Qc1 Qxc1 30. Nxc1 Nxe4 31. Nd3 b3 32. Nc1 Nc5 33. Kf3 f5 34. Ke2 Kf7 35. Nd3 Na4 36. Nc1 Nxb2 37. Nxb3 Nxd1 38. Nxd4 Nc3+ 39. Kf3 Ne4 40. Kg2 Kf6 41. f4 h6 42. h4 Ke7 43. Kf3 Nf6 44. Nc6+ Kd6 45. Ne5 Nd7 46. Nd3 Kd5 47. Ke3 Nc5 48. Nb4+ Kd6 49. Nc2 Ne4 50. Kf3 Kd5 51. Ne3+ Kd4 52. g4 Nd6 53. g5 h5 54. Nf1 g6 55. Nd2 e5 56. Nb3+ Kd5 57. fxe5 Kxe5 58. Nc5 Ne4 59. Nd7+ Ke6 60. Nf8+ Kf7 61. Nd7 Nd6 62. Ne5+ Kg7 63. Kf4 Nf7 64. Nd7 Nd8 65. Nc5 Nc6 66. Ne6+ Kf7 67. Nc7 Nd8 68. Nd5 Ne6+ 69. Kf3 Nd4+ 70. Kf4 Ne2+ 71. Ke5 Ng3 72. Kf4 Ne4 73. Ke5 Nc5 74. Kf4 Nd3+ 75. Ke3 Ne5 76. Kf4 Ng4 77. Nc7 Ke7 78. Nd5+ Kd6 79. Nc3 Nf2 80. Nb5+ Ke7 81. Nc3 Nd3+ 82. Ke3 Ne5 83. Kf4 Nf7 84. Nd5+ Ke6 85. Nc7+ Kd7 86. Nd5 Kd6 87. Nc3 Nd8 88. Nb5+ Kd5 89. Nc3+ Kd4 90. Nb5+ Kc5 91. Nc3 Kc4 92. Ne2 Kd3 93. Ng3 Kd4 94. Nxh5 Ne6+ 95. Kf3 gxh5 96. g6 Ke5 97. Ke3 Ng7 98. Kf3 Kf6 99. Kf4 Kxg6 100. Ke5 Ne8 101. Kf4 Nf6 102. Ke5 Ng4+ 103. Kf4 Kf6 104. Kf3 Ke5 105. Kg3 f4+ 106. Kf3 Kf5 107. Kg2 Ke4 108. Kh3 f3 109. Kg3 Ke3 110. Kh3 Ne5 111. Kg3 f2 112. Kg2 Ke2 113. Kg3 f1=Q 114. Kh2 Qf4+ 0-1


[Site "https://www.chess.com"]

[Event "Titled Tuesday Blitz July 4 Late 2023"]
[White "Rodriguez, Santiago"]
[Black "ElenGajger"]
[WhiteFideId "3000591"]
[WhiteElo "2531"]
[BlackElo "2359"]
[Result "1/2-1/2"]
[Round "4"]
[TimeControl "180+2"]
[Date "2023.07.04"]
[WhiteClock "0:00:04"]
[BlackClock "0:00:10"]
[Board "116"]

1. d4 Nf6 2. Bg5 g6 3. Bxf6 exf6 4. e3 Bg7 5. c4 O-O 6. Nc3 d6 7. g3 f5 8. Bg2 Nd7 9. Nge2 Nf6 10. Qd3 c6 11. b4 h5 12. h4 Ng4 13. O-O g5 14. hxg5 Qxg5 15. Nf4 h4 16. Bf3 hxg3 17. fxg3 Re8 18. Bxg4 Qxg4 19. Kf2 Bd7 20. Rh1 Re7 21. Rh4 Qg5 22. Rh5 Qf6 23. Rah1 Rae8 24. Nd1 Re4 25. Rh7 Qe7 26. Qe2 Qg5 27. R7h5 Qg4 28. R1h4 Qxe2+ 29. Nxe2 d5 30. c5 Rxh4 31. gxh4 Re4 32. Ng3 Rg4 33. Nxf5 Bxf5 34. Rxf5 Rxh4 35. Rg5 Kf8 36. Nc3 Rh2+ 37. Rg2 Rxg2+ 38. Kxg2 Ke7 39. Kf3 Ke6 40. a4 Kf5 41. b5 Bf8 42. bxc6 bxc6 43. a5 Ke6 44. a6 Kd7 45. Kf4 Bh6+ 46. Kf3 f5 47. Nd1 Ke6 48. Nf2 Kd7 49. Nd3 Bg7 50. Ne5+ Bxe5 51. dxe5 Ke7 52. Kg3 Kf7 53. Kf3 Ke7 54. Kg3 Kf7 55. Kf3 Ke7 1/2-1/2


[Site "https://www.chess.com"]

[Event "Titled Tuesday Blitz July 4 Late 2023"]
[White "Zhou, Qiyu"]
[Black "Francisco Guecamburu, Candela Be"]
[WhiteFideId "505161"]
[BlackFideId "160911"]
[WhiteElo "2358"]
[BlackElo "2528"]
[Result "0-1"]
[Round "4"]
[TimeControl "180+2"]
[Date "2023.07.04"]
[WhiteClock "0:00:01"]
[BlackClock "0:00:04"]
[Board "117"]

1. e4 c5 2. Nf3 g6 3. d4 cxd4 4. Nxd4 Bg7 5. Nc3 Nc6 6. Be3 Nf6 7. Bc4 O-O 8. Bb3 a5 9. O-O Ng4 10. Qxg4 Nxd4 11. Bxd4 Bxd4 12. Qg3 d6 13. Rad1 Bg7 14. Rfe1 Be5 15. f4 Qb6+ 16. Kh1 Bxc3 17. Qxc3 a4 18. Bc4 Bd7 19. Qd4 Qxd4 20. Rxd4 Bc6 21. Bd5 Rfc8 22. c4 Ra5 23. Kg1 Rc5 24. b4 axb3 25. axb3 Ra5 26. Kf2 Ra3 27. Re3 Rca8 28. Rd2 Ra1 29. Bxc6 bxc6 30. e5 dxe5 31. Rxe5 Rb8 32. Rxe7 Rxb3 33. Re8+ Kg7 34. Re3 Rbb1 35. Ree2 Rf1+ 36. Kg3 Ra3+ 37. Kg4 f5+ 38. Kh4 Rxf4+ 0-1


[Site "https://www.chess.com"]

[Event "Titled Tuesday Blitz July 4 Late 2023"]
[White "Bazilius, Augustinas"]
[Black "Moral Garcia, Serafin"]
[WhiteFideId "12832251"]
[BlackFideId "2201925"]
[WhiteElo "2354"]
[BlackElo "2527"]
[Result "1-0"]
[Round "4"]
[TimeControl "180+2"]
[Date "2023.07.04"]
[WhiteClock "0:00:03"]
[BlackClock "0:01:01"]
[Board "118"]

1. d4 Nf6 2. c4 g6 3. Nc3 d5 4. Nf3 Bg7 5. h4 dxc4 6. e4 Bg4 7. Bxc4 c5 8. Bxf7+ Kxf7 9. Ne5+ Ke8 10. Nxg4 Qxd4 11. Nxf6+ Bxf6 12. Be3 Qxd1+ 13. Rxd1 b6 14. Nd5 Na6 15. Rd3 Kf7 16. O-O Bxb2 17. f4 e6 18. Nc7 Nxc7 19. Rd7+ Kf6 20. Rxc7 Bd4 21. Bxd4+ cxd4 22. g4 e5 23. g5+ Ke6 24. f5+ gxf5 25. exf5+ Kd5 26. f6 e4 27. Rf5+ Ke6 28. Rf4 Ke5 29. Rg4 Rae8 30. f7 Re6 31. h5 d3 32. g6 hxg6 33. hxg6 Rd8 34. Rg2 Kf6 35. g7 d2 36. Rxd2 Rxd2 37. g8=Q Rd1+ 38. Kg2 Ke5 39. f8=Q e3 40. Qxe6+ Kxe6 41. Qe8+ 1-0


[Site "https://www.chess.com"]

[Event "Titled Tuesday Blitz July 4 Late 2023"]
[White "Aggelis, Nikolaos"]
[Black "Svicevic, Rastko"]
[WhiteFideId "4213220"]
[BlackFideId "916315"]
[WhiteElo "2525"]
[BlackElo "2356"]
[Result "1/2-1/2"]
[Round "4"]
[TimeControl "180+2"]
[Date "2023.07.04"]
[WhiteClock "0:00:02"]
[BlackClock "0:00:00"]
[Board "119"]

1. c4 c6 2. b3 d5 3. d3 d4 4. Nf3 Bg4 5. Nbd2 c5 6. b4 e6 7. Bb2 Nc6 8. b5 Nb8 9. g3 a6 10. a4 Nf6 11. Bg2 Bd6 12. O-O O-O 13. Qc2 e5 14. Rfe1 Qd7 15. Nh4 Bh3 16. e3 Bxg2 17. Nxg2 b6 18. exd4 exd4 19. Ne4 Nxe4 20. Rxe4 axb5 21. axb5 Rxa1+ 22. Bxa1 Re8 23. Qe2 Rxe4 24. Qxe4 Qe7 25. f3 Qxe4 26. fxe4 Nd7 27. Kf2 g5 28. Bb2 f6 29. Bc1 Ne5 30. Ke2 Ng4 31. h3 Ne5 32. g4 Kf7 33. Bd2 Ng6 34. Kf3 Ke6 35. Be1 Ne5+ 36. Ke2 Ng6 37. Bd2 h6 38. Bc1 Ne5 39. Bd2 Nd7 40. Ne1 Nf8 41. Nf3 Ng6 42. Bc1 Bf4 43. Bd2 Bxd2 44. Kxd2 Nf4 45. Ng1 h5 46. Kc2 hxg4 47. hxg4 Ng2 48. Nf3 Ne3+ 49. Kd2 Nxg4 50. Ke2 Ne5 51. Ne1 f5 52. exf5+ Kxf5 53. Kf2 Ng6 54. Kg3 Nf4 55. Kf3 g4+ 56. Kg3 Kg5 57. Kf2 Kh4 58. Kg1 Ne2+ 59. Kf2 Nc1 60. Ng2+ Kg5 61. Ne1 Kf5 62. Kg3 Kg5 63. Kg2 Kf4 64. Kf2 g3+ 65. Kg2 Kg4 66. Nf3 Nxd3 67. Nd2 Nf4+ 68. Kf1 Nd3 69. Ne4 Ne5 70. Nd6 Kf3 71. Nf5 g2+ 72. Kg1 Ng4 73. Nh4+ Ke4 74. Nxg2 Kd3 75. Nf4+ Kxc4 76. Kf1 Kxb5 77. Ke2 Ne3 78. Kd3 Nf5 79. Nd5 Nd6 80. Nc7+ Kc6 81. Ne6 b5 82. Nf4 Nf5 83. Ke4 Ne7 84. Ne6 b4 85. Kd3 Kd5 86. Nc7+ Kc6 87. Ne6 Nd5 88. Kc4 Ne3+ 89. Kd3 Kd5 90. Nf4+ Ke5 91. Ng6+ Kf5 92. Ne7+ Ke6 93. Nc6 Kd6 94. Nxb4 Nd5 95. Nc2 Nf4+ 96. Kc4 1/2-1/2


[Site "https://www.chess.com"]

[Event "Titled Tuesday Blitz July 4 Late 2023"]
[White "Osmak, Yuliia"]
[Black "Todorovic, Bojan"]
[WhiteFideId "14101602"]
[BlackFideId "917087"]
[WhiteElo "2525"]
[BlackElo "2353"]
[Result "1-0"]
[Round "4"]
[TimeControl "180+2"]
[Date "2023.07.04"]
[WhiteClock "0:01:59"]
[BlackClock "0:01:42"]
[Board "120"]

1. Nf3 g6 2. g3 Bg7 3. Bg2 Nf6 4. O-O O-O 5. c4 c6 6. d4 d6 7. Nc3 Qa5 8. e4 Bg4 9. h3 Bxf3 10. Qxf3 Nbd7 11. Be3 Qb4 12. Qe2 c5 13. Rac1 Rac8 14. b3 cxd4 15. Bxd4 e6 16. Rfd1 Nc5 17. Nb5 d5 18. Bc3 1-0


[Site "https://www.chess.com"]

[Event "Titled Tuesday Blitz July 4 Late 2023"]
[White "Seletsky, Grigory"]
[Black "Tan, Ralph"]
[WhiteFideId "14112191"]
[BlackFideId "30966590"]
[WhiteElo "2350"]
[BlackElo "2508"]
[Result "1-0"]
[Round "4"]
[TimeControl "180+2"]
[Date "2023.07.04"]
[WhiteClock "0:01:02"]
[BlackClock "0:00:14"]
[Board "121"]

1. d4 Nf6 2. Nf3 e6 3. Bg5 d5 4. Nbd2 Be7 5. Bxf6 Bxf6 6. e4 dxe4 7. Nxe4 O-O 8. Nxf6+ Qxf6 9. c3 c5 10. dxc5 Rd8 11. Qc2 e5 12. Bd3 g6 13. O-O Bg4 14. Nd2 Nc6 15. Ne4 Qe7 16. b4 a5 17. a3 Be6 18. Bb5 Qc7 19. Qe2 Ne7 20. Nd6 Rxd6 21. cxd6 Qxd6 22. Rfd1 Qc7 23. Rac1 Nd5 24. Qd2 Nf4 25. Qd6 Qxd6 26. Rxd6 axb4 27. axb4 Ra2 28. Bf1 e4 29. Rd4 f5 30. g3 Nd5 31. Bc4 Nb6 32. Bxe6+ 1-0


[Site "https://www.chess.com"]

[Event "Titled Tuesday Blitz July 4 Late 2023"]
[White "Djabri, Massinas"]
[Black "Poeta, Caio Medeiros"]
[WhiteFideId "7905726"]
[BlackFideId "2142660"]
[WhiteElo "2349"]
[BlackElo "2505"]
[Result "1-0"]
[Round "4"]
[TimeControl "180+2"]
[Date "2023.07.04"]
[WhiteClock "0:00:04"]
[BlackClock "0:00:00"]
[Board "122"]

1. e4 c6 2. d4 d5 3. e5 c5 4. Nf3 Nc6 5. Bb5 Bg4 6. h3 Bxf3 7. Qxf3 cxd4 8. O-O e6 9. Nd2 a6 10. Bxc6+ bxc6 11. Nb3 c5 12. c3 dxc3 13. bxc3 Qc7 14. Be3 c4 15. Nd4 Ne7 16. Qg3 Nc6 17. Nxc6 Qxc6 18. Rab1 g6 19. Rb6 Qc7 20. Rfb1 Bg7 21. Rb7 Qc8 22. Bc1 O-O 23. Ba3 Rd8 24. Bd6 Qc6 25. Qf4 Rf8 26. Rc7 Qa4 27. Rbb7 Kh8 28. Rxf7 Rxf7 29. Qxf7 Rg8 30. Qxe6 Qd1+ 31. Kh2 d4 32. Qf7 dxc3 33. Bf8 Bxe5+ 34. f4 1-0


[Site "https://www.chess.com"]

[Event "Titled Tuesday Blitz July 4 Late 2023"]
[White "Eggleston, Thomas A"]
[Black "lagarto93"]
[WhiteFideId "412139"]
[WhiteElo "2347"]
[BlackElo "2504"]
[Result "1-0"]
[Round "4"]
[TimeControl "180+2"]
[Date "2023.07.04"]
[WhiteClock "0:01:27"]
[BlackClock "0:01:04"]
[Board "123"]

1. e4 e6 2. d4 d5 3. exd5 exd5 4. c4 Nf6 5. Nc3 Be7 6. Nf3 O-O 7. cxd5 Nxd5 8. Bd3 Be6 9. O-O Nc6 10. Re1 h6 11. a3 Bf6 12. Bc2 Nde7 13. d5 Bxd5 14. Qd3 g6 15. Bxh6 Re8 16. Rad1 Be6 17. Qe4 Qc8 18. Qf4 Bh8 19. Ng5 Bf5 20. Bb3 Ne5 1-0


[Site "https://www.chess.com"]

[Event "Titled Tuesday Blitz July 4 Late 2023"]
[White "Zherebtsova, Alexandra"]
[Black "Liu, Casper"]
[WhiteFideId "24129518"]
[BlackFideId "1454153"]
[WhiteElo "2341"]
[BlackElo "2496"]
[Result "1-0"]
[Round "4"]
[TimeControl "180+2"]
[Date "2023.07.04"]
[WhiteClock "0:00:14"]
[BlackClock "0:00:09"]
[Board "124"]

1. d4 f5 2. g4 fxg4 3. h3 gxh3 4. Nxh3 d5 5. Ng5 Nf6 6. Bh3 Bxh3 7. Rxh3 Qd7 8. c4 Nc6 9. cxd5 Qxd5 10. e4 Qxd4 11. Rd3 Qb4+ 12. Bd2 Qb5 13. Be3 Nb4 14. Rd2 h6 15. Ne6 Qe5 16. Rd8+ Rxd8 17. Qxd8+ Kf7 18. Nxc7 Nc2+ 19. Ke2 Nxa1 20. Nc3 e6 21. f4 Qh5+ 22. Kd2 Nxe4+ 23. Kd3 Nxc3 24. Qe8+ Kf6 25. Bd4+ e5 26. Bxe5+ Qxe5 27. fxe5+ Kf5 28. bxc3 h5 29. e6 h4 30. e7 h3 31. exf8=Q+ Rxf8 32. Qxf8+ Kg4 33. Qf1 Kg3 34. Qg1+ Kh4 35. Qh1 g5 36. Kd2 g4 37. Nd5 g3 38. Ne3 b5 39. Kc1 Kg5 40. Kb2 Kf4 41. Nd5+ Kg4 42. Ne3+ Kf4 43. Qxh3 Kf3 44. Qg2+ Kf4 45. Kxa1 a5 46. Kb2 b4 47. Kb3 bxc3 48. Kxc3 Kxe3 49. Qxg3+ Ke2 50. Qg5 a4 51. Qa5 Kf3 52. Qxa4 Ke3 53. Qc4 Kf2 54. a4 Ke1 55. a5 Kd1 56. a6 Kc1 57. a7 Kb1 58. a8=Q Kc1 59. Qb7 Kd1 60. Kb4 Kd2 61. Qd7+ Ke1 62. Qce6+ Kf2 63. Qdf7+ Kg1 64. Qeg6+ 1-0


[Site "https://www.chess.com"]

[Event "Titled Tuesday Blitz July 4 Late 2023"]
[White "Kovalevsky, Stanislav"]
[Black "Garmendiarov"]
[WhiteFideId "13508598"]
[WhiteElo "2487"]
[BlackElo "2334"]
[Result "1-0"]
[Round "4"]
[TimeControl "180+2"]
[Date "2023.07.04"]
[WhiteClock "0:00:16"]
[BlackClock "0:00:03"]
[Board "125"]

1. c4 Nf6 2. Nc3 d6 3. g3 e5 4. Bg2 g6 5. h4 Bg7 6. d3 h5 7. Bg5 c6 8. Nh3 Be6 9. O-O Nbd7 10. f4 O-O 11. fxe5 dxe5 12. Nf2 Qb6 13. Na4 Qc7 14. Qd2 Rad8 15. Ne4 Nxe4 16. Bxe4 f6 17. Be3 f5 18. Bg2 Nb6 19. Nc5 Bxc4 20. Qb4 Bd5 21. Bxd5+ Nxd5 22. Qb3 Qf7 23. Bg5 Rb8 24. e4 Nb6 25. Ne6 Rfe8 26. Nxg7 Kxg7 27. Bh6+ Kg8 28. exf5 Qxb3 29. axb3 gxf5 30. Rxf5 a6 31. Rxh5 Rbd8 32. Rf1 Rxd3 33. Rg5+ Kh7 34. Bg7 Rg8 35. Rf7 Nd5 36. Bf8+ Kh8 37. Rh5# 1-0


[Site "https://www.chess.com"]

[Event "Titled Tuesday Blitz July 4 Late 2023"]
[White "Cardozo Munar, Carlos Eduardo"]
[Black "Toniutti, Ezio"]
[WhiteFideId "4409477"]
[BlackFideId "113034"]
[WhiteElo "2337"]
[BlackElo "2484"]
[Result "0-1"]
[Round "4"]
[TimeControl "180+2"]
[Date "2023.07.04"]
[WhiteClock "0:00:00"]
[BlackClock "0:00:20"]
[Board "126"]

1. d4 d5 2. Nf3 Nf6 3. Bg5 Ne4 4. Bh4 c5 5. c3 Qb6 6. Qc1 Nc6 7. e3 Bf5 8. Nbd2 e6 9. Nxe4 Bxe4 10. Nd2 Bg6 11. Be2 Bd6 12. dxc5 Qxc5 13. O-O O-O 14. a3 Rac8 15. Nf3 Qb6 16. Qd2 Na5 17. Rad1 Nb3 18. Qe1 Bc2 19. Bd3 Bxd1 20. Qxd1 Nc5 21. Bxh7+ Kxh7 22. Ng5+ Kg6 23. Qg4 f5 24. Qf3 Rh8 25. g3 Be7 26. b4 Ne4 27. Nh3 Bxh4 28. gxh4 Rxh4 29. Kh1 Rg4 30. Rg1 Rxg1+ 31. Kxg1 Kf7 32. Qh5+ Kg8 33. Nf4 Nf6 34. Qg5 e5 35. Ng6 Qe6 36. Qh4 Kf7 37. Nh8+ Rxh8 38. Qxh8 Ne4 39. Qb8 Qe7 40. Qxa7 Qg5+ 41. Kf1 Qh4 42. Qxb7+ Kg6 43. Qa6+ Kh7 44. Qe2 Qxh2 45. Ke1 Qg1+ 46. Qf1 Qxf1+ 47. Kxf1 Nxc3 48. Ke1 Kg6 49. Kd2 Na4 50. Kc2 Kf6 51. Kb3 Nb6 52. a4 Ke6 53. a5 Nc8 54. b5 Kd6 55. Kb4 g5 56. a6 g4 57. Ka5 Kc5 58. Ka4 Kb6 59. Kb4 Na7 0-1


[Site "https://www.chess.com"]

[Event "Titled Tuesday Blitz July 4 Late 2023"]
[White "Vasques, Antonio Pedro Freixial"]
[Black "Yeritsyan, Hayk"]
[WhiteFideId "1908332"]
[BlackFideId "13307320"]
[WhiteElo "2331"]
[BlackElo "2483"]
[Result "0-1"]
[Round "4"]
[TimeControl "180+2"]
[Date "2023.07.04"]
[WhiteClock "0:00:20"]
[BlackClock "0:00:28"]
[Board "127"]

1. Nf3 d5 2. d4 Nf6 3. c4 e6 4. Nc3 dxc4 5. e3 a6 6. Bxc4 b5 7. Bd3 Bb7 8. O-O Be7 9. Bd2 Nbd7 10. a4 b4 11. Na2 c5 12. dxc5 Nxc5 13. Bc4 a5 14. Bb5+ Kf8 15. Qe2 Qb6 16. Ne5 g6 17. Nc4 Qa7 18. Rad1 Kg7 19. Nc1 Rhd8 20. f3 Rac8 21. Kh1 Bd5 22. e4 Bxc4 23. Bxc4 Nxa4 24. Be3 Qc7 25. Bb5 Nc5 26. Nd3 Nxd3 27. Rxd3 Rxd3 28. Bxd3 a4 29. Rc1 Qxc1+ 0-1


[Site "https://www.chess.com"]

[Event "Titled Tuesday Blitz July 4 Late 2023"]
[White "Korpics, Zsolt"]
[Black "Avila Rodriguez, Joshua Ad"]
[WhiteFideId "705241"]
[BlackFideId "5126444"]
[WhiteElo "2328"]
[BlackElo "2478"]
[Result "0-1"]
[Round "4"]
[TimeControl "180+2"]
[Date "2023.07.04"]
[WhiteClock "0:00:07"]
[BlackClock "0:00:09"]
[Board "128"]

1. e4 c5 2. Nf3 d6 3. d4 cxd4 4. Nxd4 Nf6 5. Nc3 a6 6. h3 e5 7. Nde2 h5 8. g3 Be7 9. Bg2 b5 10. O-O Bb7 11. a4 b4 12. Nd5 Nxd5 13. exd5 O-O 14. c3 a5 15. Qb3 Ba6 16. Re1 bxc3 17. Nxc3 Nd7 18. Qd1 Rb8 19. Qxh5 Nc5 20. Ne4 Nb3 21. Ng5 Bd3 22. Re4 Bxg5 23. Bxg5 f6 24. Rd1 Bc2 25. Bh6 Qe8 26. Qg4 Qf7 27. Qh4 f5 28. Re2 Bxd1 29. Re1 Bc2 30. Bg5 Nd4 31. g4 fxg4 32. Be4 Qxf2+ 33. Qxf2 Rxf2 34. Kxf2 Bxe4 35. Rxe4 Rxb2+ 36. Kg3 gxh3 37. Kxh3 Rb4 38. Kg4 Rxa4 39. Be3 Ra3 40. Bxd4 Ra4 41. Kf5 Rxd4 42. Re3 a4 43. Ra3 Rxd5 44. Rxa4 Rd4 45. Ke6 Kh7 46. Ra3 Kg6 47. Rg3+ Kh5 48. Kf5 Kh4 49. Rxg7 Rf4+ 50. Ke6 Rg4 51. Rh7+ Kg3 52. Kxd6 e4 53. Ke5 e3 54. Kd5 e2 55. Re7 Kf2 56. Ke5 e1=Q+ 57. Kf6 Qxe7+ 58. Kxe7 Kf3 59. Ke6 Kf4 60. Kf6 Rh4 61. Kg6 Rh3 62. Kf6 Rh6+ 63. Kg7 Kg5 64. Kf7 Kf5 65. Kg7 Rh5 66. Kf7 Rh7+ 67. Kg8 Kg6 68. Kf8 Kf6 69. Kg8 Rh6 70. Kf8 Rh8# 0-1


[Site "https://www.chess.com"]

[Event "Titled Tuesday Blitz July 4 Late 2023"]
[White "Lach, Aleksandra"]
[Black "Gomez Barrera, Javiera Belen"]
[WhiteFideId "1134299"]
[BlackFideId "3418723"]
[WhiteElo "2326"]
[BlackElo "2476"]
[Result "1-0"]
[Round "4"]
[TimeControl "180+2"]
[Date "2023.07.04"]
[WhiteClock "0:00:07"]
[BlackClock "0:00:09"]
[Board "129"]

1. c4 Nf6 2. Nc3 e5 3. g3 Nc6 4. Bg2 Bb4 5. Nd5 O-O 6. Nxb4 Nxb4 7. d3 d5 8. a3 Nc6 9. cxd5 Nxd5 10. Nf3 Bg4 11. O-O Qd7 12. b4 a6 13. Bb2 Rae8 14. Qb3 Nb6 15. Rac1 Be6 16. Qc2 Bh3 17. Qb3 Bxg2 18. Kxg2 Qe6 19. Qxe6 Rxe6 20. Nd2 f6 21. Nb3 Nd7 22. a4 Rc8 23. b5 axb5 24. axb5 Na7 25. Na5 b6 26. Nc6 Nxb5 27. Rc2 Nc5 28. Nb4 Nd4 29. Bxd4 exd4 30. Ra2 Rce8 31. Kf3 Nd7 32. Nd5 Ne5+ 33. Kg2 Ng4 34. h3 Nh6 35. Nxc7 Rxe2 36. Rxe2 Rxe2 37. Rb1 Rd2 38. Rb3 Nf5 39. Kf3 Nd6 40. Nd5 b5 41. Ne7+ Kf7 42. Nc6 Nb7 43. Rxb5 Rxd3+ 44. Ke2 Nd6 45. Rd5 Ke6 46. Rxd4 Rxd4 47. Nxd4+ Kd5 48. Nf3 Ke4 49. Nd2+ Kd4 50. Kf3 Kd3 51. Nf1 Ne4 52. Ne3 Ng5+ 53. Kg2 Ke4 54. Ng4 h5 55. Ne3 Nf3 56. Nf1 Ne1+ 57. Kg1 Nf3+ 58. Kg2 g5 59. g4 h4 60. Ne3 Ne1+ 61. Kf1 Nd3 62. Nf5 Nf4 63. Nd6+ Kf3 64. Ne8 Nxh3 65. Nxf6 Nf4 66. Nh7 Kxg4 67. Nf6+ Kf3 68. Nh7 g4 69. Ng5# 1-0


[Site "https://www.chess.com"]

[Event "Titled Tuesday Blitz July 4 Late 2023"]
[White "kripri"]
[Black "Le Goff, Ronan"]
[BlackFideId "612073"]
[WhiteElo "2321"]
[BlackElo "2470"]
[Result "1-0"]
[Round "4"]
[TimeControl "180+2"]
[Date "2023.07.04"]
[WhiteClock "0:01:11"]
[BlackClock "0:01:38"]
[Board "130"]

1. e4 e5 2. Nf3 Nc6 3. Bb5 a6 4. Ba4 Nf6 5. O-O Be7 6. Re1 b5 7. Bb3 d6 8. c3 O-O 9. h3 Nb8 10. d4 Nbd7 11. Nbd2 Bb7 12. Bc2 Re8 13. Nf1 Bf8 14. Ng3 g6 15. d5 c6 16. dxc6 Bxc6 17. Be3 d5 18. exd5 Nxd5 19. Bg5 Qc7 20. Bb3 Nf4 21. Bxf4 exf4 22. Nf1 Rxe1 23. Qxe1 Bxf3 24. gxf3 Ne5 25. Qe4 Re8 26. Nh2 Bc5 27. Ng4 Kg7 28. Qxf4 Re7 29. Qf6+ Kg8 30. Nh6+ Kf8 31. Qh8# 1-0


[Site "https://www.chess.com"]

[Event "Titled Tuesday Blitz July 4 Late 2023"]
[White "Garcia Cuenca, Victor"]
[Black "Shapiro, Viktor"]
[WhiteFideId "2250829"]
[BlackFideId "4175700"]
[WhiteElo "2316"]
[BlackElo "2459"]
[Result "1/2-1/2"]
[Round "4"]
[TimeControl "180+2"]
[Date "2023.07.04"]
[WhiteClock "0:00:10"]
[BlackClock "0:00:14"]
[Board "131"]

1. Nf3 Nf6 2. e3 d5 3. d4 Bf5 4. c4 c6 5. Nc3 e6 6. Qb3 Qb6 7. Bd2 Nbd7 8. Be2 Be7 9. O-O h6 10. h3 O-O 11. Rfc1 Rfe8 12. Na4 Qc7 13. Bb4 dxc4 14. Bxc4 Bxb4 15. Qxb4 Rac8 16. Bb3 Qb8 17. Nc5 b6 18. Nxd7 Nxd7 19. Qe1 Be4 20. Nd2 Bd5 21. Bc2 e5 22. Bf5 Be6 23. Bxe6 Rxe6 24. Nf3 c5 25. d5 Ree8 26. e4 c4 27. Qb4 b5 28. a4 a6 29. axb5 Qxb5 30. Qc3 Rc5 31. Nd2 Rec8 32. Ra2 Qb7 33. Rca1 Nb8 34. Qxe5 Qb4 35. Qc3 Qxc3 36. bxc3 f5 37. f3 fxe4 38. fxe4 Re8 39. Ra4 Rec8 40. Rb4 a5 41. Rb7 Na6 42. Ra4 Nc7 43. d6 Ne6 44. d7 Rd8 45. Rxc4 Kf7 46. Ra4 Rxc3 47. Nf3 Rc5 48. Ra7 Ke7 49. R4xa5 Rxa5 50. Rxa5 Rxd7 51. Ne5 Rc7 52. Ra6 Kf6 53. Nf3 Ke7 54. Nh4 Kf7 55. Nf5 h5 56. Ng3 g6 57. e5 Rc4 58. Ra7+ Nc7 59. Ne2 Ke6 60. Kf2 Kxe5 61. Ng3 Ne6 62. Ne2 Rc2 63. Ra5+ Kf6 64. Ra6 Rc5 65. Rb6 Rd5 66. Rxe6+ Kxe6 67. Nf4+ Ke5 68. Nxd5 Kxd5 69. Kg3 Ke5 70. Kh4 Kf6 71. g4 hxg4 72. hxg4 Kf7 73. Kg3 Kf6 74. Kf4 g5+ 75. Ke4 Ke6 76. Kd4 Kd6 77. Ke4 Ke6 78. Kd4 Kd6 79. Ke4 Ke6 1/2-1/2


[Site "https://www.chess.com"]

[Event "Titled Tuesday Blitz July 4 Late 2023"]
[White "Nunez V, Gustavo Eduardo"]
[Black "Rodriguez Santiago, Jaime"]
[WhiteFideId "4403690"]
[BlackFideId "3100898"]
[WhiteElo "2454"]
[BlackElo "2314"]
[Result "0-1"]
[Round "4"]
[TimeControl "180+2"]
[Date "2023.07.04"]
[WhiteClock "0:00:08"]
[BlackClock "0:00:12"]
[Board "132"]

1. e4 c6 2. d3 d5 3. Nd2 dxe4 4. dxe4 Nf6 5. g3 Bg4 6. Be2 Bxe2 7. Qxe2 e6 8. Ngf3 Nbd7 9. O-O Be7 10. e5 Nd5 11. c4 Nc7 12. Ne4 O-O 13. Be3 Qc8 14. Rfd1 Ne8 15. Rd3 Qc7 16. Rad1 Nxe5 17. Nxe5 Qxe5 18. Bf4 Qa5 19. Rd7 Bf6 20. Rxb7 Qxa2 21. Rdd7 a5 22. Nc5 Qb1+ 23. Kg2 Qf5 24. Ne4 e5 25. Bd2 Bd8 26. g4 Qg6 27. Ng3 Nf6 28. Rd6 Qxg4 29. f3 Qc8 30. Rb3 a4 31. Re3 Re8 32. Bc3 Qb8 33. Rxc6 Bc7 34. Ne4 Nxe4 35. fxe4 a3 36. bxa3 Rxa3 37. Bd2 Ra2 38. Rc5 Bb6 39. Rb5 Bxe3 40. Rxb8 Rxb8 41. Qxe3 Rbb2 42. Kf3 Rxd2 43. Qb6 h6 44. Qb8+ Kh7 45. Qxe5 Rd3+ 46. Kg4 Rg2+ 47. Kh4 g5+ 48. Kh5 Rh3# 0-1


[Site "https://www.chess.com"]

[Event "Titled Tuesday Blitz July 4 Late 2023"]
[White "Gerbelli Neto, Eduardo"]
[Black "QuiesPrecatio"]
[WhiteFideId "2103281"]
[WhiteElo "2302"]
[BlackElo "2452"]
[Result "1-0"]
[Round "4"]
[TimeControl "180+2"]
[Date "2023.07.04"]
[WhiteClock "0:02:39"]
[BlackClock "0:02:01"]
[Board "133"]

1. e4 c6 2. d4 d5 3. exd5 cxd5 4. c4 Nf6 5. Nc3 Nc6 6. Nf3 Bg4 7. cxd5 Nxd5 8. Qb3 Bxf3 9. gxf3 e6 10. Qxb7 Nxd4 11. Bb5+ Nxb5 12. Qc6+ Ke7 13. Qxb5 Qd7 14. Nxd5+ Qxd5 15. Bg5+ f6 16. Qxd5 exd5 17. Be3 Ke6 18. O-O-O a6 19. Rhe1 Kd6 20. Bf4+ Kc5 21. Kb1 Rd8 22. Re6 Bd6 23. Rc1+ 1-0


[Site "https://www.chess.com"]

[Event "Titled Tuesday Blitz July 4 Late 2023"]
[White "Vaglio Munoz, Jaime"]
[Black "Balla, Tamas-Kristof"]
[WhiteFideId "6500145"]
[BlackFideId "1208497"]
[WhiteElo "2300"]
[BlackElo "2451"]
[Result "1-0"]
[Round "4"]
[TimeControl "180+2"]
[Date "2023.07.04"]
[WhiteClock "0:02:16"]
[BlackClock "0:01:19"]
[Board "134"]

1. Nf3 c5 2. c4 Nc6 3. b3 Nf6 4. Bb2 g6 5. g3 Bg7 6. Bg2 O-O 7. O-O d6 8. d3 e6 9. e4 b6 10. Nbd2 Bb7 11. Re1 e5 12. a3 Nd4 13. Nxd4 exd4 14. b4 Nd7 15. f4 f5 16. b5 Rb8 17. a4 Nf6 18. h3 fxe4 19. Nxe4 Nxe4 20. Bxe4 Bxe4 21. Rxe4 d5 22. Re6 dxc4 23. dxc4 Qd7 24. Qg4 Rbe8 25. Rae1 Rxe6 26. Rxe6 Qxe6 27. Qxe6+ 1-0


[Site "https://www.chess.com"]

[Event "Titled Tuesday Blitz July 4 Late 2023"]
[White "Antonio, Jorge Carlos"]
[Black "Remolar Gallen, Jose"]
[WhiteFideId "113190"]
[BlackFideId "2215187"]
[WhiteElo "2292"]
[BlackElo "2450"]
[Result "0-1"]
[Round "4"]
[TimeControl "180+2"]
[Date "2023.07.04"]
[WhiteClock "0:00:11"]
[BlackClock "0:00:18"]
[Board "135"]

1. d4 Nf6 2. Nf3 g6 3. c4 Bg7 4. Nc3 d5 5. Bg5 Ne4 6. Bh4 Nxc3 7. bxc3 c5 8. e3 Qa5 9. Qd2 dxc4 10. Bxc4 Nc6 11. Bd5 Bd7 12. O-O e6 13. Bxc6 Bxc6 14. Rfd1 cxd4 15. cxd4 Qh5 16. Bg3 Qd5 17. Qb4 Bf8 18. Qb3 f6 19. Qxd5 Bxd5 20. Rdc1 Bc6 21. a4 a5 22. Nd2 Bb4 23. Nc4 Ke7 24. Nb6 Ra6 25. Nc4 Rc8 26. f3 Bd5 27. Nb2 Rxc1+ 28. Rxc1 Rc6 29. Rxc6 Bxc6 30. Kf1 Kd7 31. Be1 b5 32. axb5 Bxb5+ 33. Kf2 Bxe1+ 34. Kxe1 a4 35. Nd1 a3 36. Nc3 Bc4 37. Kd2 a2 38. Nxa2 Bxa2 39. e4 Bc4 40. g3 Bf1 41. Kc3 Bg2 42. e5 fxe5 43. dxe5 Bxf3 44. Kd4 Kc6 45. h4 h5 46. Ke3 Bg4 47. Kf4 Bf5 48. Kg5 Kd5 49. Kf6 Kd4 50. Kg5 Kxe5 0-1


[Site "https://www.chess.com"]